 Dungeon Crawl Stone Soup version 0.20.1-1-g8b1a95d66d (webtiles) character file.

317 Popi the Slasher (level 6, -1/48 HPs)
             Began as a Human Fighter on Dec 17, 2017.
             Was a Follower of Okawaru.
             Slain by Duvessa
             ... wielding a +0 short sword of venom
              (12 damage)
             ... on level 5 of the Dungeon.
             The game lasted 00:07:48 (3120 turns).

Popi the Slasher (Human Fighter)                    Turns: 3120, Time: 00:07:49

Health: -1/48      AC: 12    Str: 27      XL:     6   Next: 73%
Magic:  6/6        EV: 10    Int:  7 (8)  God:    Okawaru [*.....]
Gold:   157        SH:  0    Dex: 13      Spells: 5/5 levels left

rFire    . . .     SeeInvis .   a - +0 long sword
rCold    . . .     Gourm    .   (no shield)
rNeg     . . .     Faith    .   q - +0 chain mail
rPois    .         Spirit   .   s - +0 helmet
rElec    .         Reflect  .   (no cloak)
rCorr    .         Harm     .   r - +0 pair of gloves
MR       .....                  t - +0 pair of boots
Stlth    ..........             (no amulet)
Regen    0.2/turn               l - +4 ring of strength
MPRegen  0.1/turn               (no ring)

@: mighty, lethally poisoned (-1 -> -52), glowing
A: no striking features
a: Heroism, Renounce Religion


You were on level 5 of the Dungeon.
You worshipped Okawaru.
Okawaru was aware of your devotion.
You were hungry.

You visited 1 branch of the dungeon, and saw 5 of its levels.

You collected 157 gold pieces.

Inventory:

Hand Weapons
 a - a +0 long sword (weapon)
Armour
 c - a +0 shield
 q - a +0 chain mail (worn)
 r - a +0 pair of gloves (worn)
 s - a +0 helmet (worn)
 t - a +0 pair of boots (worn)
Jewellery
 l - a +4 ring of strength (left hand)
Scrolls
 b - a scroll of magic mapping {unknown}
 g - 2 scrolls of identify
 i - 2 scrolls of teleportation
 j - a scroll of remove curse
 o - 2 scrolls of random uselessness {unknown}
Potions
 d - 4 potions of might
 e - a potion of cancellation {unknown}
 h - 2 potions of heal wounds
 n - 3 potions of curing {unknown}
 p - a potion of lignification
 v - a potion of brilliance
Comestibles
 f - 2 bread rations
 k - a meat ration
 m - 2 fruits
 u - a royal jelly


   Skills:
 - Level 4.0 Fighting
 - Level 4.2 Long Blades
 + Level 3.8 Armour
 - Level 3.2 Dodging
 - Level 3.0 Shields


You had 5 spell levels left.
You didn't know any spells.

Dungeon Overview and Level Annotations

Branches:
Dungeon (5/15)
 Temple: D:4-7

Altars:
Ashenzari
Okawaru

Annotations:
D:5 Duvessa


Message History

You kill Dowan!
Okawaru accepts your kill.
Duvessa screams in rage.
Duvessa goes berserk!
You feel very sick.
Duvessa hits you with a short sword of venom.
You are more poisoned.
Duvessa completely misses you.
You riposte.
You hit Duvessa but do no damage. You hit Duvessa but do no damage.
You feel very sick. Duvessa hits you but does no damage.
You are more poisoned.
Duvessa hits you but does no damage.
You are more poisoned.
You slash Duvessa!
Duvessa is moderately wounded.
* * * LOW HITPOINT WARNING * * *
You feel very sick.
Duvessa hits you with a short sword of venom!
You die...

#........#......#.
+........#......#.
#...##...#......#.
##...##...#......#.
+.........#......#.
#.........#......#.
###'###...#......#.
#....##...#......#.
+.@.......#......#.
#e).......#......#.
#.........#......#.
..........#......#.
...........#......#.
.########...#......#.
.. #####....... ..
#....... #.......


You could see Duvessa (berserk).

Vanquished Creatures
  Dowan (D:5)
  A bullfrog skeleton (D:3)
  A hound (D:4)
  2 worker ants
  A howler monkey skeleton (D:4)
  5 adders
  2 oozes
  An adder skeleton (D:4)
  4 worms
  A leopard gecko (D:4)
  5 orcs
  6 giant cockroaches
  7 hobgoblins
  3 jackals (D:3)
  10 kobolds
  5 quokkas
  2 ball pythons
  6 bats
  4 frilled lizards
  9 goblins
  5 rats
81 creatures vanquished.

Notes
Turn   | Place    | Note
-------+----------+-------------------------------------------
     0 | D:1      | Popi the Human Fighter began the quest for the Orb.
     0 | D:1      | Reached XP level 1. HP: 18/18 MP: 1/1
    76 | D:1      | Reached XP level 2. HP: 23/24 MP: 2/2
   383 | D:1      | Found an iron altar of Okawaru.
   396 | D:1      | Became a worshipper of Warmaster Okawaru
   498 | D:1      | Reached XP level 3. HP: 30/30 MP: 3/3
  1082 | D:2      | Reached XP level 4. HP: 27/37 MP: 4/4
  1380 | D:2      | Found a shattered altar of Ashenzari.
  1978 | D:3      | Reached XP level 5. HP: 21/42 MP: 5/5
  2275 | D:3      | Reached skill level 1 in Dodging
  2761 | D:4      | Reached XP level 6. HP: 42/48 MP: 6/6
  2858 | D:4      | Reached * piety under Okawaru
  2976 | D:5      | Entered Level 5 of the Dungeon
  3106 | D:5      | Noticed Dowan
  3107 | D:5      | Noticed Duvessa
  3118 | D:5      | Killed Dowan
  3120 | D:5      | Slain by Duvessa

Skill      XL: |  1  2  3  4  5  6 |
---------------+-------------------+-----
Fighting       | 4 |  4.0
Long Blades    | 3 4 |  4.2
Dodging        | 2 3 |  3.2
Armour         | |  3.8
Shields        | |  3.0

Action                   |  1- 3 |  4- 6 || total
-------------------------+-------+-------++-------
Melee: Long sword        |   112 |   215 ||   327
  Use: Scroll            |       |     6 ||     6
       Potion            |       |     5 ||     5
  Eat: Chunk             |     1 |     6 ||     7
Armor: Scale mail        |    66 |       ||    66
       Chain mail        |       |   164 ||   164
Dodge: Dodged            |    75 |   107 ||   182
       Rpst.: Long sword |    28 |    26 ||    54
